 Dungeon Crawl Stone Soup version 0.29.1-12-g30fa7ad0bf (webtiles) character file.

Game seed: 18074063887376476816

1641 zeram the Skirmisher (level 8, -2/40 HPs)
             Began as a Spriggan Hunter on Dec 13, 2022.
             Was a Follower of Qazlal.
             Slain by an orc warrior
             ... wielding a +0 glaive
              (6 damage)
             ... on level 7 of the Dungeon.
             The game lasted 00:08:37 (6799 turns).

zeram the Skirmisher (Spriggan Hunter)              Turns: 6799, Time: 00:08:38

Health: -2/40      AC:  3    Str:  7    XL:     8   Next: 66%
Magic:  0/9        EV: 20    Int: 18    God:    Qazlal [*.....]
Gold:   210        SH:  1    Dex: 19    Spells: 7/7 levels left

rFire   . . .      SeeInvis +   a - +0 shortbow (flame)
rCold   . . .      Faith    .   (shield currently unavailable)
rNeg    . . .      Spirit   +   c - +1 robe
rPois   .          Reflect  .   (helmet restricted)
rElec   .          Harm     .   (no cloak)
rCorr   .          Rampage  .   (gloves unavailable)
Will    +....                   (boots unavailable)
Stlth   ++........              t - amulet of guardian spirit
HPRegen 0.13/turn               g - +6 ring of intelligence
MPRegen 0.11/turn               (no ring)

@: very quick
A: very small, no large weapons, unfitting armour, see invisible, speed 3
a: Renounce Religion


You were on level 7 of the Dungeon.
You worshipped Qazlal.
Qazlal was aware of your devotion.
You visited 1 branch of the dungeon, and saw 7 of its levels.

You collected 210 gold pieces.

Inventory:

Hand Weapons
 a - a +0 shortbow of flaming (weapon)
Missiles
 d - a throwing net
Armour
 c - a +1 robe (worn)
 o - a +0 buckler
Jewellery
 g - a +6 ring of intelligence (left hand)
 s - an amulet of the acrobat
 t - an amulet of guardian spirit (around neck)
Wands
 w - a wand of digging (7)
 y - a wand of mindburst (16)
 z - a wand of iceblast (8)
Scrolls
 b - 4 scrolls of immolation
 h - 2 scrolls of magic mapping
 k - 2 scrolls of enchant armour
 n - 3 scrolls of identify
 p - a scroll of fear
 v - 2 scrolls of butterflies
 x - a scroll of vulnerability {unknown}
 A - a scroll of amnesia {unknown}
Potions
 e - 2 potions of haste
 f - a potion of cancellation
 i - 2 potions of degeneration
 j - 5 potions of curing
 l - 2 potions of heal wounds
 m - a potion of flight
 q - 4 potions of invisibility
 u - 2 potions of lignification


   Skills:
 - Level 3.3 Fighting
 + Level 10.5 Ranged Weapons
 * Level 5.5 Dodging
 - Level 1.5 Stealth


You had 7 spell levels left.
You didn't know any spells.
Your spell library contained the following spells:

 Spells                   Type           Power      Damage    Failure   Level
 Sting                    Tmut/Pois      0%         1d3       22%         1
 Poisonous Vapours        Pois/Air       0%         N/A       32%         2
 Olgreb's Toxic Radiance  Pois           0%         N/A       91%         4


Dungeon Overview and Level Annotations

Branches:
Dungeon (7/15)             Temple (0/1) D:5

Altars:
Cheibriados
Dithmenos
Fedhas
Kikubaaqudgha
Nemelex Xobeh
Okawaru
Qazlal
Sif Muna
Trog
Uskayaw
Vehumet
Xom
The Shining One

Annotations:
D:7 1 runed translucent door, Crazy Yiuf


Innate Abilities, Weirdness & Mutations

You are very small and have problems with some larger weapons.
You are too small for most types of armour.
You have supernaturally acute eyesight. (SInv)
You cover ground extremely quickly. (Speed+++)


Message History

You shoot an arrow. The arrow hits the orc priest.
The arrow burns the orc priest.
The orc priest is lightly wounded.
You shoot an arrow.
The arrow hits the orc priest but does no damage.
The orc priest is lightly wounded.
You shoot an arrow. The arrow hits the orc priest!
The arrow burns the orc priest.
The orc priest is almost dead.
The orc priest looks encouraged for a moment.
The orc warrior misses you.
You shoot an arrow. The arrow barely misses the orc priest.
The orc warrior hits you from afar with a +0 glaive!
The orc priest barely misses you.
You shoot an arrow. The arrow hits the orc priest!
The arrow burns the orc priest.
You kill the orc priest!
Qazlal accepts your kill. The orc warrior barely misses you.
The gnoll bouda barks out a call to the hunt!
You hear a shout!
You shoot an arrow.
The arrow barely misses the orc warrior.
The orc warrior hits you from afar with a +0 glaive!
You shoot an arrow.
The arrow hits the orc warrior but does no damage.
You hear a shout!
The orc warrior closely misses you.
You shoot an arrow.
The arrow barely misses the orc warrior.
The orc warrior hits you from afar with a +0 glaive!!
* * * LOW HITPOINT WARNING * * *
You are too injured to fight recklessly!
You are too injured to fight recklessly!
You are too injured to fight recklessly!
Unknown command.
You are too injured to fight recklessly!
The gnoll bouda closely misses you.
The orc warrior hits you from afar with a +0 glaive!
You die...

.##########.##
.............### #.#
................ ..#
....!....)...###...###
...g.................
#########....####..####
........#......g.......
........#....###.○.#####
........#......g@....... ..
#######.#.....#.)##..### #.
#.'.....o...# .... #.
#.#......#..## .... .#####.
#.#.........# .##.###.....
#o#.........# .....#...#
#o#....#....#####.#..).####
#.#....###.......>.........
#o#.....#########.#.#†#####


You could see an orc warrior, a gnoll bouda and a gnoll (swift).

Vanquished Creatures
  2 water moccasins
  An orc warrior (D:7)
  A black bear (D:3)
  2 ogres
  A kobold brigand (D:6)
  2 scorpions (D:5)
  4 killer bees (D:7)
  A howler monkey (D:3)
  An electric eel (D:6)
  A jelly (D:4)
  2 orc priests
  5 hounds
  3 iguanas
  4 orc wizards
  A hound zombie (D:3)
  2 hound skeletons (D:3)
  6 adders
  4 gnolls
  An adder skeleton (D:3)
  9 dart slugs
  8 orcs
  6 ball pythons
  2 endoplasms
  9 goblins
  5 hobgoblins
  2 jackals (D:4)
  2 quokkas
  A ball python skeleton (D:3)
  A ball python zombie (D:3)
  3 bats (D:2)
  5 frilled lizards
  14 kobolds
  3 quokka zombies (D:3)
  5 rats
119 creatures vanquished.

Vanquished Creatures (others)
  A withered plant (D:3)
1 creature vanquished.

Grand Total: 120 creatures vanquished

Notes
Turn   | Place    | Note
-------+----------+-------------------------------------------
     0 | D:1      | zeram the Spriggan Hunter began the quest for the Orb.
     0 | D:1      | Reached XP level 1. HP: 10/10 MP: 2/2
   289 | D:1      | Found a faded altar of an unknown god.
   293 | D:1      | Reached XP level 2. HP: 14/14 MP: 3/3
  1118 | D:2      | Reached XP level 3. HP: 11/18 MP: 4/4
  1707 | D:3      | Reached skill level 5 in Ranged Weapons
  1818 | D:3      | Noticed a black bear
  1836 | D:3      | Killed a black bear
  1837 | D:3      | Reached XP level 4. HP: 15/23 MP: 5/5
  1838 | D:3      | Reached XP level 5. HP: 17/26 MP: 6/6
  1845 | D:3      | Reached skill level 6 in Ranged Weapons
  2242 | D:3      | Found a shimmering blue altar of Sif Muna.
  2317 | D:3      | Found an ancient bone altar of Kikubaaqudgha.
  2324 | D:3      | Reached XP level 6. HP: 23/32 MP: 7/7
  2422 | D:3      | Found a radiant altar of Vehumet.
  3224 | D:4      | Reached skill level 7 in Ranged Weapons
  3381 | D:4      | Found an iron altar of Okawaru.
  3436 | D:4      | Found a stormy altar of Qazlal.
  3665 | D:4      | Found a glowing golden altar of the Shining One.
  3671 | D:4      | Found a hide-covered altar of Uskayaw.
  3676 | D:4      | Found a sparkling altar of Nemelex Xobeh.
  3999 | D:4      | Became a worshipper of Qazlal Stormbringer
  4009 | D:5      | Entered Level 5 of the Dungeon
  4012 | D:5      | Reached XP level 7. HP: 35/35 MP: 8/8
  4791 | D:5      | Reached skill level 8 in Ranged Weapons
  4860 | D:5      | Found a staircase to the Ecumenical Temple.
  5336 | D:6      | Reached skill level 9 in Ranged Weapons
  5546 | D:6      | Reached XP level 8. HP: 40/40 MP: 9/9
  6020 | D:6      | Found a snail-covered altar of Cheibriados.
  6031 | D:6      | Found a bloodstained altar of Trog.
  6034 | D:6      | Found a shimmering altar of Xom.
  6034 | D:6      | Found a blossoming altar of Fedhas.
  6043 | D:6      | Found a shadowy altar of Dithmenos.
  6152 | D:7      | Reached * piety under Qazlal
  6155 | D:7      | Reached skill level 5 in Dodging
  6331 | D:7      | Reached skill level 10 in Ranged Weapons
  6352 | D:7      | Found a runed translucent door.
  6352 | D:7      | Noticed Crazy Yiuf
  6799 | D:7      | Slain by an orc warrior

Illustrated notes

Levels and vault maps discovered:
D:1:      evilmike_arrival_grusome_pit, layout_loops_ring,
          nicolae_ecumenical_snake_handling
D:2:      layout_basic
D:3:      minmay_skewed_foursquare, layout_loops_corners,
          palyth_temple_overflow_mages, serial_undead, serial_undead_f,
          serial_undead_e, serial_undead_c, serial_undead_a, serial_undead_d,
          serial_undead_f
D:4:      layout_basic, kennysheep_okawaru_gauntlet,
          nicolae_qazlal_scattered_showers, minmay_overflow_temple_star_quad
D:5:      layout_cave_pools, temple_green, kennysheep_doodads
D:6:      kennysheep_slugbush, layout_cave_pools,
          nicolae_overflow_hallway_of_the_gods
D:7:      layout_basic, nicolae_ru_sacrificial_ziggurat, lightli_orcish_oven,
          uniq_crazy_yiuf_cottage, uniq_prince_ribbit1

Skill      XL: |  1  2  3  4  5  6  7  8 |
---------------+-------------------------+-----
Ranged Weapons | 5 6 7 9 10 | 10.5
Fighting       | 2 3 |  3.3
Dodging        | 3 4 5 |  5.5
Stealth        | |  1.5

Action                   |  1- 3 |  4- 6 |  7- 9 || total
-------------------------+-------+-------+-------++-------
 Fire: Shortbow          |    79 |   105 |   206 ||   390
  Use: Scroll            |     9 |     4 |     5 ||    18
Armor: Robe              |     3 |     4 |     7 ||    14
Dodge: Dodged            |    25 |    29 |    72 ||   126
Block: Other             |       |       |     1 ||     1
